 Dungeon Crawl Stone Soup version bcrawl-1.27.5 (webtiles) character file.

Game seed: 8746543280926611159

334056 Faustar the Thaumaturge (level 9, -7/51 HPs)
             Began as a Fairy Wizard on Aug 14, 2020.
             Was an Initiate of Ashenzari.
             Mangled by a hippogriff (9 damage)
             ... on level 5 of the Dungeon.
             The game lasted 00:15:02 (3892 turns).

Faustar the Thaumaturge (Fairy Wizard)              Turns: 3892, Time: 00:15:03

Health: -7/51      AC:  7    Str:  5    XL:     9   Next: 0%
Magic:  12/24      EV: 16    Int: 22    God:    Ashenzari [......]
Gold:   220        SH:  6    Dex: 11    Spells: 21/27 levels left

rFire    + . .     SeeInvis .   c - +1 whip (venom) (curse)
rCold    x . .     Gourm    .   (shield restricted)
rNeg     + + .     Faith    .   (armour unavailable)
rPois    .         Spirit   .   b - +1 hat (curse)
rElec    +         Reflect  .   (no cloak)
rCorr    .         Harm     .   (no gloves)
MR       .....                  (no boots)
Stlth    +.........             (no amulet)
HPRegen  0.17/turn              l - ring "Onlux" {Fire rElec rN+ Int-3} (curse)
MPRegen  0.19/turn              q - ring of positive energy (curse)

@: flying evasively
A: small, magic attunement, unstealthy, unfitting armour, able to fly, AC/SH +6
a: Stop Flying, Curse Item, Renounce Religion


You were on level 5 of the Dungeon.
You worshipped Ashenzari.
Ashenzari was noncommittal.
You were hungry.

You visited 2 branches of the dungeon, and saw 6 of its levels.

You collected 220 gold pieces.

Inventory:

Hand Weapons
 a - a +0 staff
 c - a cursed +1 whip of venom (weapon)
Armour
 b - a cursed +1 hat (worn)
 w - a +0 pair of boots
Jewellery
 l - the cursed ring "Onlux" (left hand) {Fire rElec rN+ Int-3}
   (You found it on level 2 of the Dungeon)

   [ring of fire]

   It enhances your fire magic.
   It affects your intelligence (-3).
   It protects you from fire.
   It makes you vulnerable to cold.
   It insulates you from electricity.
   It protects you from negative energy.
   It has a curse placed upon it.
 q - a cursed ring of positive energy (right hand)
Wands
 m - a wand of flame (17)
 s - a wand of acid (4)
 t - a wand of digging (6)
Scrolls
 h - 6 scrolls of identify
 k - 4 scrolls of teleportation
 o - a scroll of remove curse
 r - a scroll of magic mapping
 u - a scroll of immolation {unknown}
 x - a scroll of enchant weapon {unknown}
 y - a scroll of enchant armour
 A - a scroll of amnesia {unknown}
 B - a scroll of fear {unknown}
Potions
 d - 3 potions of brilliance
 f - 2 potions of heal wounds {unknown}
 g - a potion of lignification {unknown}
 i - 2 potions of berserk rage {unknown}
 j - 2 potions of might {unknown}
 n - 3 potions of curing {unknown}
 p - a potion of ambrosia {unknown}
 v - a potion of magic {unknown}
Comestibles
 e - 9 rations {!d}


   Skills:
 - Level 2.6 Dodging
 - Level 1.5 Stealth
 + Level 9.5 Spellcasting
 + Level 9.0 Conjurations
   Level 1.1 Summonings
 - Level 1.1 Translocations
 - Level 3.0 Air Magic
 - Level 3.0 Poison Magic


You had 21 spell levels left.
You knew the following spells:

 Your Spells              Type           Power        Failure   Level  Hunger
a - Magic Dart            Conj           ####         1%          1    None
b - Mephitic Cloud        Conj/Pois/Air  ####....     2%          3    None
c - Blink                 Tloc           N/A          6%          2    None

Your spell library contained the following spells:

 Spells                   Type           Power        Failure   Level  Hunger
 Conjure Flame            Conj/Fire      #####...     3%          3    None
 Call Imp                 Summ           ###...       6%          2    None
 Spider Form              Tmut/Pois      ###          11%         3    None


Dungeon Overview and Level Annotations

Branches:
Dungeon (5/12)             Temple (1/1) D:4

Altars:
Ashenzari
Hepliaklqana
Sif Muna

Shops:
D:4 *

Annotations:
D:3 2 transporters


Innate Abilities, Weirdness & Mutations

Your spells do not cause hunger and MP costs are reduced by 1.
Your bright wings attract enemies. (Stealth-)
You cannot fit into any form of body armour.
Your shimmering scales are hard and can block incoming attacks. (AC +6, SH +6)
You are small and have problems with some larger weapons.
You can fly continuously.


Message History

a cursed +0 great sword; a +0 robe The centaur shoots an arrow.
You block the arrow.
The giant cockroach completely misses you.
The hippogriff bites you!
* * * LOW HITPOINT WARNING * * *
The hippogriff pecks you but does no damage.
The hippogriff misses you. You block the giant cockroach's attack.
Casting: Magic Dart (safe; 1% risk of failure)
Confirm with . or Enter, or press ? or * to list all spells.
Aiming: Mephitic Cloud (safe; 2% risk of failure)
Press: ? - help, Shift-Dir - straight line, p - hippogriff The ball explodes into a vile cloud!
The stinking cloud engulfs the hippogriff but does no damage.
The hippogriff is moderately wounded.
The stinking cloud engulfs the centaur but does no damage.
The hippogriff seems less confused.
The hippogriff is engulfed in noxious fumes.
The hippogriff appears confused.
The hippogriff misses you. The hippogriff pecks you!
You die...

#..............#
.....
#.....#)#+###..#
... #.....#.# ....
#.....#.#####..###
#.....#.........
#.....#....##...#
# #.......#
#....§§☼#
#...@☼☼☼#
#...sHc###..
#...........
#...........
#...........#
#...........#
#######.....#
...).# .....


You could see a hippogriff (confused), a centaur and a giant cockroach.

Vanquished Creatures
  Pikel (D:4)
  Sigmund (D:3)
  A black bear (D:4)
  2 slaves
  A sky beast (D:4)
  An ogre (D:3)
  A scorpion (D:5)
  2 howler monkeys
  5 wights
  3 crimson imps
  A bullfrog skeleton (D:4)
  Jessica (D:3)
  An iguana (D:4)
  2 worker ants (D:4)
  A hound skeleton (D:3)
  Robin (D:3)
  A howler monkey skeleton (D:4)
  11 adders
  A shadow imp (D:4)
  2 oozes (D:1)
  3 dart slugs
  A leopard gecko (D:3)
  2 orcs
  2 ball pythons (D:3)
  2 giant cockroaches
  9 goblins
  8 hobgoblins
  7 jackals
  5 quokkas
  4 bats (D:1)
  4 frilled lizards
  14 kobolds
  3 rats
104 creatures vanquished.

Notes
Turn   | Place    | Note
-------+----------+-------------------------------------------
     0 | D:1      | Faustar the Fairy Wizard began the quest for the Orb.
     0 | D:1      | Reached XP level 1. HP: 11/11 MP: 7/7
   210 | D:1      | Reached XP level 2. HP: 16/17 MP: 9/9
   416 | D:1      | Reached XP level 3. HP: 21/21 MP: 11/11
   514 | D:1      | Learned a level 3 spell: Mephitic Cloud
   837 | D:2      | Learned a level 2 spell: Blink
  1051 | D:2      | Found a shimmering blue altar of Sif Muna.
  1074 | D:2      | Reached skill level 1 in Air Magic
  1131 | D:2      | Reached skill level 1 in Poison Magic
  1177 | D:2      | Got an ancient marble ring
  1196 | D:2      | Found a hazy altar of Hepliaklqana.
  1196 | D:2      | Found a shattered altar of Ashenzari.
  1200 | D:2      | Reached XP level 4. HP: 26/27 MP: 12/12
  1206 | D:2      | Became a worshipper of Ashenzari the Shackled
  1206 | D:2      | Identified the ring "Onlux" {Fire rElec rN+ Int-3} (You
                  | found it on level 2 of the Dungeon)
  1581 | D:3      | Noticed Robin
  1616 | D:3      | Killed Robin
  1675 | D:3      | Found a transporter.
  1710 | D:3      | Reached skill level 5 in Spellcasting
  1717 | D:3      | Reached XP level 5. HP: 31/31 MP: 11/14
  1969 | D:3      | Noticed Jessica
  1992 | D:3      | Killed Jessica
  2091 | D:3      | Noticed Sigmund
  2120 | D:3      | Killed Sigmund
  2120 | D:3      | Reached XP level 6. HP: 30/36 MP: 12/16
  2176 | D:3      | Found a transporter.
  2596 | D:4      | Noticed a slave
  2596 | D:4      | Noticed a slave
  2600 | D:4      | Noticed Pikel
  2600 | D:4      | Noticed a slave
  2600 | D:4      | Noticed a slave
  2615 | D:4      | Killed a slave
  2724 | D:4      | Found a staircase to the Ecumenical Temple.
  2762 | D:3      | Killed a slave
  2821 | D:4      | Killed Pikel
  2821 | D:4      | Reached XP level 7. HP: 33/41 MP: 17/20
  2821 | D:4      | Reached XP level 8. HP: 37/46 MP: 17/21
  3206 | D:4      | Found Nuesire's Assorted Antiques.
  3521 | Temple   | Entered the Ecumenical Temple
  3542 | D:5      | Entered Level 5 of the Dungeon
  3874 | D:5      | Noticed a hippogriff
  3880 | D:5      | Reached XP level 9. HP: 17/51 MP: 17/24
  3891 | D:5      | HP: 1/51 [hippogriff (11)]
  3892 | D:5      | Mangled by a hippogriff

Skill      XL: |  1  2  3  4  5  6  7  8 |
---------------+-------------------------+-----
Conjurations   | 2 3 4 6 9 |  9.0
Air Magic      | 1 2 3 |  3.0
Poison Magic   | 1 2 3 |  3.0
Spellcasting   | 5 7 9 |  9.5
Dodging        | |  2.6
Stealth        | |  1.5
Summonings     | |  1.1
Translocations | |  1.1

Action                   |  1- 3 |  4- 6 |  7- 9 || total
-------------------------+-------+-------+-------++-------
Melee: Whip              |    78 |   124 |    86 ||   288
       Staff             |     2 |       |       ||     2
 Cast: Magic Dart        |    43 |    40 |   114 ||   197
       Mephitic Cloud    |       |    18 |    19 ||    37
       Blink             |       |     4 |     6 ||    10
Invok: Curse Item        |       |     4 |       ||     4
Evoke: Wand              |       |     2 |       ||     2
  Use: Scroll            |     5 |       |       ||     5
 Stab: Confused          |       |     2 |     2 ||     4
  Eat: Chunk             |     2 |     8 |     8 ||    18
Armor: Skin              |    14 |    17 |    23 ||    54
Dodge: Dodged            |    77 |    96 |    75 ||   248
Block: Other             |    22 |    35 |    23 ||    80
